AoeStats
← SinManos

Pilgrims

508765109Analyzed
4v4 RM · 9d ago on Sep 24, 2026· 39m 19s· 8 players
Game mode
Random Map
Map size
Large (8 player)
Population
200
Speed
Normal
Resources
Standard
Victory
Conquest
Starting age
Dark Age
Ending age
Imperial Age
RankedLock teamsTeams togetherTeam positionsShared explorationLock speedFull tech treeHidden civsTurbo modeCheats
Victory
Defeat
🇵🇪 Dravidians · Peru
1350
+16
🇺🇸 Lithuanians · United States
1346
+16
🇭🇰 Mongols · Hong Kong SAR China
1341
+16
🇲🇽 Khmer · Mexico
1269
+19
🇵🇪 Varangians · Peru
1402
-20
🇨🇱 Tatars · Chile
1396
-19
🇯🇵 Britons · Japan
1283
-14
🇦🇷 Lithuanians · Argentina
1280
-14
Non faux pa
12:01 Feudal Age
13:22 Loom
15:47 Castle Age
16:37 Medium Warships
20:02 Scale Barding Armor
20:08 Forging
21:23 Fletching
22:44 Horse Collar
26:38 Careening
27:29 Loom
30:26 Imperial Age
28:48 Heavy Plow
31:07 Husbandry
31:17 Bloodlines
30:29 Elite Leitis
32:01 Iron Casting
34:41 Chain Barding Armor
36:11 Plate Barding Armor
39:05 Masonry
38:59 Bodkin Arrow
大庆Song
3:25 Loom
11:14 Feudal Age
15:11 Castle Age
12:58 Double-Bit Axe
13:39 Stone Mining
13:43 Horse Collar
14:35 Gold Mining
16:12 Bow Saw
18:13 Medium Warships
19:35 Wheelbarrow
19:47 Fletching
24:04 Heavy Plow
24:46 Bodkin Arrow
26:32 Ballistics
26:48 Husbandry
28:59 Gold Shaft Mining
32:25 Imperial Age
31:29 Masonry
31:14 Murder Holes
31:45 Bloodlines
31:38 Padded Archer Armor
33:32 Conscription
34:15 Chemistry
33:33 Leather Archer Armor
33:39 Fishing Lines
34:49 Hand Cart
34:29 Gillnets
36:13 Elite Mangudai
37:15 Drill
37:31 Hoardings
36:43 Light Cavalry
37:31 Scale Barding Armor
37:26 Bracer
37:38 Forging
37:06 Capped Ram
38:08 Siege Ram
39:35 Chain Barding Armor
39:57 Heavy Warships
39:56 Careening
40:04 Clinker Construction
tomitom
4:23 Loom
10:57 Feudal Age
13:04 Fletching
17:20 Castle Age
18:02 Bodkin Arrow
18:24 Medium Warships
22:29 Ballistics
34:17 Thumb Ring
36:42 Double-Bit Axe
36:42 Horse Collar
39:26 Wheelbarrow
38:46 Town Watch
Manee
7:03 Loom
11:08 Feudal Age
15:04 Castle Age
16:18 Fishing Lines
17:27 Double-Bit Axe
20:20 Wheelbarrow
19:34 Town Watch
22:14 Gold Mining
23:21 Horse Collar
29:38 Imperial Age
kalioglu
11:18 Feudal Age
11:33 Loom
15:13 Castle Age
13:55 Fletching
14:22 Double-Bit Axe
16:05 Bodkin Arrow
25:15 Ballistics
sada-aki
8:10 Loom
10:50 Feudal Age
11:15 Double-Bit Axe
12:27 Gold Mining
26:46 Castle Age
SinManos
6:42 Loom
10:59 Feudal Age
14:28 Double-Bit Axe
16:17 Fletching
17:30 Wheelbarrow
18:38 Town Watch
22:08 Castle Age
21:02 Stone Mining
21:04 Gold Mining
24:32 Bodkin Arrow
Pryzma
10:07 Feudal Age
8:31 Loom
10:16 Feudal Age
14:55 Castle Age
13:16 Double-Bit Axe
13:51 Fishing Lines
16:39 Bow Saw
16:39 Gillnets
22:28 Scale Barding Armor
24:12 Chain Barding Armor
24:03 Forging
25:07 Wheelbarrow
25:33 Husbandry
25:44 Bloodlines
30:02 Imperial Age
27:44 Gold Mining
27:44 Stone Mining
27:36 Horse Collar
28:54 Iron Casting
30:49 Elite Leitis
32:09 Plate Barding Armor
37:06 Conscription
38:28 Heavy Plow
Connection lost

Rejoining the realm…

Still unreachable

The connection could not be restored.

Session expired

The server has moved on; the page needs a fresh start.